 BcadrenCrawl: Boulder Brew version 0.03.2.1-103-g09b4e489ee (webtiles) character file.

Game seed: 12192555004865794308, levelgen mode: deterministic

496 funkygono the Twirler (level 6, -4/56 HPs) Minotaur Fighter. Began on Mar 5, 2021. Slain by Menkaure (12 damage) ... on level 2 of the Dungeon. The game lasted 00:04:11 (1090 turns).

funkygono the Twirler (Minotaur Fighter)            Turns: 1090, Time: 00:04:12

Health: -4/56      AC:  9    Str: 27    XL:     6 ^: 24
Magic:  5/5        EV:  9    Int:  5    God:
Gold:   31         SH:  7    Dex: 10    Spells: 5/5 levels left

rFire    . . .     Vision   .   a - +0 morningstar
rCold    + . .     Gourm    .   c - +0 heater shield
rNeg     + . .     Faith    .   b - +0 scale mail
rPois    .         Spirit   .   (helmet restricted)
rElec    +         Reflect  .   h - +1 cloak
rCorr    .         Harm     .   (no gloves)
MR       .....                  (no boots)
Stlth    ..........             j - amulet of chaos
HPRegen  0.28/turn              (no ring)
MPRegen  0.15/turn              (no ring)

@: mighty, very slow
A: retaliatory headbutt, horns 2
a: no special abilities


You were on level 2 of the Dungeon.
You were not hungry.

You visited 1 branch of the dungeon, and saw 2 of its levels.

You collected 31 gold pieces.

Inventory:

Weapons
 a - a +0 morningstar (weapon) Shields
 c - a +0 heater shield (shield)
Armour
 b - a +0 scale mail (worn)
 h - a +1 cloak (worn)
Jewellery
 j - an amulet of chaos (around neck)
Scrolls
 e - a scroll of blinking
 i - a scroll of acquirement
 l - a scroll of fog
 m - a scroll of fear
 p - 2 scrolls of teleportation
 q - 3 scrolls of magic mapping
Potions
 n - a potion of berserk rage
 o - a potion of brilliance
 r - a potion of curing
Comestibles
 f - 5 rations
 g - a chunk of flesh


   Skills:
 + Level 5.2 Fighting
 + Level 5.6 Maces & Staves
 + Level 5.3 Armour
 + Level 0.8 Dodging
 + Level 5.5 Shields


You had 5 spell levels left.
You didn't know any spells.
Your spell library was empty.

Dungeon Overview and Level Annotations

Branches:
Dungeon (2/8)

Altars:
Qazlal

Shops:
D:2 (

Annotations:
D:2 Menkaure


Innate Abilities, Weirdness & Mutations

You reflexively headbutt those who attack you in melee.
You have a pair of horns on your head.


Message History

Menkaure casts a spell.
Menkaure seems to speed up.
Items here: / ††††† Menkaure hits you (19)!!
Menkaure hits you (6).
You hit Menkaure (4).
Menkaure is lightly damaged. (19/23) HP Menkaure splashes around in the water. x2
You barely miss Menkaure.
Menkaure points at you and mumbles some strange words.
Pain shoots through your body (12)!
* * * LOW HITPOINT WARNING * * *
Menkaure shouts, "Why can't you leave me to my rest?"
You block Menkaure's attack. Menkaure hits you (12)!
* * * LOW HITPOINT WARNING * * *
Some of the chunks of flesh in your inventory have rotted away.
You feel much better. Menkaure hits you (17)!
* * * LOW HITPOINT WARNING * * *
You feel very mighty all of a sudden. Menkaure hits you (12)!
You die...

.∩≈≈≈≈≈. #.≈≈≈≈..
#.b;≈≈.# #≈≈≈≈≈[#
#≈≈≈..≈# ###
#≈≈..≈.# ###≈##
#...≈≈≈# #≈.≈≈#
#.≈≈M@≈# ##.#≈.#
#≈≈≈≈≈≈# ##≈≈...#
#≈b≈≈≈/## ≈#..†####
#≈≈≈≈≈$.#
.≈...†#≈##
#≈≈≈≈≈†##
##..#†≈.≈###≈≈≈≈≈≈#
##.≈#........≈≈≈≈≈#
##.≈####≈....≈≈≈≈≈#
<#.≈# ##.≈#.≈≈≈PP#


You could see Menkaure and a neutral submerged slimehead (wandering) (passive).

Vanquished Creatures
  Ijyb (D:2)
  A bullfrog (D:2)
  A jelly (D:2)
  4 giant cockroaches
  An adder (D:2)
  16 sewer rats (D:2)
  2 worms (D:2)
  6 cinder newts
  2 oozes
  5 dart slugs (D:1)
  A leopard gecko (D:2)
  An adder skeleton (D:2)
  A ball python (D:1)
  6 bats
  A cinder newt skeleton (D:2)
  A gnoll skeleton (D:2)
  4 goblins (D:1)
  3 hobgoblins (D:1)
  4 kobolds (D:1)
  4 rats (D:1)
  3 withered plants (D:2)
68 creatures vanquished.

Vanquished Creatures (others)
  A bat skeleton (D:2)
  A slimehead (D:2)
  99 withered plants (D:2)
101 creatures vanquished.

Grand Total: 169 creatures vanquished

Notes
Turn   | Place    | Note
-------+----------+-------------------------------------------
     0 | D:1      | funkygono the Minotaur Fighter began the quest for the Orb.
     0 | D:1      | Reached XP level 1. HP: 19/19 MP: 0/0
    63 | D:1      | Reached XP level 2. HP: 27/27 MP: 1/1
   115 | D:1      | Reached XP level 3. HP: 34/34 MP: 2/2
   407 | D:1      | Reached XP level 4. HP: 41/41 MP: 3/3
   739 | D:2      | Reached XP level 5. HP: 47/47 MP: 4/4
   813 | D:2      | Reached skill level 5 in Fighting
   853 | D:2      | Identified a scroll of acquirement
   876 | D:2      | Found a stormy altar of Qazlal.
   950 | D:2      | Reached XP level 6. HP: 56/56 MP: 5/5
   956 | D:2      | Reached skill level 5 in Shields
   970 | D:2      | Reached skill level 5 in Maces & Staves
  1046 | D:2      | Found Rane's Weapon Shoppe.
  1071 | D:2      | Noticed Ijyb
  1079 | D:2      | Reached skill level 5 in Armour
  1079 | D:2      | Noticed Menkaure
  1083 | D:2      | Killed Ijyb
  1088 | D:2      | HP: 1/56 [Menkaure (12)]
  1090 | D:2      | Slain by Menkaure

Levels and vault maps discovered:
D:1:      saegor_arrival_simple_a, layout_basic
D:2:      layout_sewer, bcadren_lemuel_inverted_doored_altar,
          lemuel_doored_altar, bcadren_xom_bowling, kennysheep_mini_moat,
          serial_shops, shop, nicolae_elemental_shop, uniq_ijyb,
          uniq_blork_the_orc, uniq_menkaure

Skill      XL: |  1  2  3  4  5  6 |
---------------+-------------------+-----
Fighting       | 4 5 |  5.2
Shields        | 4 5 |  5.5
Armour         | 4 5 |  5.3
Maces & Staves | 3 4 5 |  5.6
Dodging        | |  0.8

Action                   |  1- 3 |  4- 6 || total
-------------------------+-------+-------++-------
Melee: Morningstar       |    52 |   105 ||   157
       Headbutt          |     1 |     3 ||     4
  Use: Scroll            |       |     1 ||     1
       Potion            |       |     2 ||     2
  Eat: Chunk             |       |     1 ||     1
Armor: Scale mail        |    26 |    69 ||    95
Dodge: Dodged            |    19 |    53 ||    72
Block: Heater shield     |    19 |    76 ||    95
